Map: Torres Crepusculares

Players

Hashishin - Winner!

  • Race: Terran Terran
  • League: Master

TheZergLord

  • Race: Zerg Zerg
  • League: Master

VOD

Have the link to the VOD?

Description

Time

  • Played on: April 26, 2016, 12:39 p.m.
  • Length: 15:11
Show
View Real Time Build Order
Export as new Build Order

Hashishin Terran - Winner!

Build Orders: Command Center First (CC), MMM Bio 

Get SALT Encoding   

  12  0:00  SCV  
  13  0:13  SCV  
  14  0:18  Supply Depot  
  14  0:25  SCV  
  15  0:39  SCV  
  16  0:51  SCV  
  17  1:01  Command Center  
  17  1:03  SCV  
  18  1:17  Barracks, SCV  
  19  1:29  SCV  
  20  1:33  Barracks  
  20  1:42  SCV  
  21  1:48  Refinery  
  21  1:54  SCV  
  22  1:55  Refinery  
  22  2:08  Marine  
  22  2:09  Orbital Command  
  22  2:14  Orbital Command  
  23  2:21  Marine  
  24  2:26  Marine  
  25  2:35  SCV  
  26  2:39  Marine  
  26  2:44  Marine  
  27  2:45  SCV  
  27  2:48  Factory  
  29  2:54  SCV  
  29  2:57  SCV  
  30  2:59  Barracks  
  30  3:02  Barracks Reactor  
  30  3:04  Barracks Tech Lab  
  30  3:09  SCV  
  30  3:10  SCV  
  32  3:14  Supply Depot  
  32  3:21  SCV  
  32  3:26  Marine  
  34  3:27  Stimpack  
  34  3:29  SCV  
  34  3:33  Engineering Bay  
  35  3:38  SCV  
  36  3:48  Marine  
  36  3:50  Hellion x2  
  36  3:52  SCV  
  36  3:53  SCV  
  43  3:55  Supply Depot  
  43  3:56  Barracks Reactor  
  43  3:57  Barracks Tech Lab  
  43  4:01  Terran Infantry Weapons Level 1  
  43  4:04  SCV  
  43  4:05  SCV  
  45  4:16  Supply Depot  
  45  4:17  Hellion x2  
  45  4:19  Marine  
  45  4:21  SCV  
  45  4:22  SCV  
  45  4:24  Marine, Combat Shields  
  52  4:28  Armory  
  53  4:32  Marine  
  53  4:37  Marine x2, SCV x2  
  58  4:39  Supply Depot  
  58  4:44  Hellion  
  60  4:46  Hellion  
  62  5:00  Marine  
  62  5:01  Supply Depot x2, Marine, SCV x2  
  62  5:02  Marauder  
  62  5:05  Hellion  
  70  5:22  Marine x2, SCV x2  
  70  5:23  Marauder, Hellion  
  70  5:24  Supply Depot, Marauder  
  80  5:28  Concussive Shells  
  80  5:29  Hellion  
  80  5:35  SCV x2  
  84  5:44  Marine  
  85  5:53  Supply Depot  
  85  5:54  Command Center  
  72  6:09  Marauder, Marine x2  
  72  6:10  Marauder  
  59  6:24  Terran Infantry Weapons Level 2  
  59  6:26  Barracks x2  
  59  6:29  Engineering Bay, SCV  
  59  6:30  SCV  
  59  6:32  Refinery, Starport  
  61  6:33  Refinery  
  61  6:37  Marauder x2, Marine  
  66  6:46  Factory Tech Lab  
  60  6:47  SCV  
  60  6:48  SCV  
  62  6:56  Marine x2  
  62  6:59  Terran Infantry Armor Level 1, SCV  
  62  7:01  Missile Turret  
  65  7:03  Missile Turret  
  65  7:06  Supply Depot  
  65  7:10  Marine  
  65  7:11  Marauder  
  65  7:14  Barracks Reactor  
  65  7:15  Barracks Reactor  
  68  7:16  Barracks x2  
  68  7:18  Marine x2  
  68  7:19  Siege Tank  
  68  7:20  Orbital Command  
  68  7:21  Missile Turret  
  73  7:23  SCV  
  73  7:25  Terran Vehicle Weapons Level 1  
  73  7:27  Medivac  
  73  7:28  Marine  
  73  7:29  SCV  
  78  7:44  SCV  
  78  7:46  Orbital Command  
  78  7:47  Marine  
  78  7:48  Marauder  
  82  7:53  Marine  
  82  7:54  Marine x5, Siege Tank  
  91  8:08  Barracks Reactor  
  91  8:10  Marine  
  91  8:11  Supply Depot, Marine  
  91  8:12  Supply Depot, Medivac  
  93  8:13  Barracks Reactor, Medivac  
  93  8:14  Marine  
  93  8:15  Marine x3, SCV  
  93  8:16  SCV x2  
  104  8:21  Missile Turret  
  104  8:24  Marine x2  
  104  8:27  Refinery  
  106  8:28  Marine, SCV  
  106  8:29  Siege Tank  
  106  8:30  Refinery, SCV  
  112  8:35  SCV  
  112  8:37  Supply Depot  
  112  8:41  Supply Depot, Marine x5, SCV  
  114  8:47  Terran Infantry Weapons Level 3  
  119  8:49  Marine  
  119  8:50  Marine  
  119  8:51  Marine x2  
  119  8:54  Marine  
  124  8:57  Marine x2  
  124  8:58  Medivac  
  124  8:59  Marine x2  
  124  9:02  Supply Depot  
  130  9:03  Marine  
  130  9:07  Marine  
  130  9:08  Marine x3  
  130  9:09  Marine, Medivac  
  138  9:12  SCV  
  138  9:13  SCV x2  
  141  9:24  SCV  
  141  9:28  Marine x2, SCV  
  141  9:29  Marine x7, Siege Tank  
  155  9:36  Marine, SCV  
  155  9:37  Marine x2  
  136  9:54  Marine x9  
  136  9:55  Medivac  
  130  10:01  Marine, Siege Tank  
  134  10:07  Marine x2, Command Center  
  134  10:08  Medivac  
  134  10:09  Terran Vehicle Weapons Level 2, Terran Infantry Armor Level 2  
  134  10:12  Marine x2  
  138  10:26  Marine x2  
  138  10:27  Marine x8  
  148  10:30  Marine  
  148  10:33  Siege Tank  
  101  11:05  Marine x12  
  101  11:06  Siege Tank, Medivac x2  
  107  11:13  Missile Turret  
  107  11:15  Missile Turret  
  107  11:21  Factory  
  107  11:22  Marine  
  107  11:23  Marine x4  
  108  11:27  Supply Depot, Marine x4  
  112  11:36  Medivac  
  112  11:38  Siege Tank  
  111  11:42  Marine  
  111  11:44  Marine  
  111  11:45  Marine x3  
  111  11:46  Planetary Fortress  
  112  11:50  SCV, Missile Turret  
  112  11:52  Missile Turret  
  112  11:53  Marine  
  114  11:55  Marine  
  114  11:56  Marine, Medivac  
  118  12:03  Marine  
  118  12:04  Marine x6  
  125  12:10  Marine, Siege Tank  
  125  12:14  SCV x2  
  131  12:18  Marine x2  
  133  12:22  Barracks Reactor  
  133  12:27  Marine x7  
  133  12:28  Marauder, Marine, Medivac  
  145  12:36  Marine x2  
  147  12:45  Marine x4, Siege Tank, Medivac  
  147  12:47  Siege Tank  
  147  12:48  Marine  
  147  12:49  Marauder  
  147  12:50  Supply Depot  
  162  12:54  Marine x4  
  162  12:55  Marine  
  166  13:02  Marine x2  
  166  13:03  Marine x3  
  164  13:06  Marine  
  164  13:11  Marauder  
  164  13:12  Marine x2  
  155  13:26  Marine x2  
  135  13:32  Marauder, Marine  
  123  13:35  Marine x9  
  123  13:36  Siege Tank, Medivac  
  131  13:44  Marine x2  
  131  13:45  Thor  
  139  13:50  Marine  
  139  13:51  Command Center  
  139  13:52  Missile Turret  
  139  13:53  Marine  
  139  13:54  Marauder  
  143  13:58  Marine  
  144  14:04  Marine  
  144  14:06  Marine  
  144  14:12  Marine x5  
  144  14:15  Marauder  
  144  14:17  Marine  
  149  14:24  Marine  
  150  14:25  Marine, Command Center  
Show
View Real Time Build Order
Export as new Build Order

TheZergLord Zerg 

Build Orders: Hatch First, Muta Ling Bane 

Get SALT Encoding   

  12  0:00  Drone  
  13  0:13  Overlord  
  13  0:17  Drone  
  14  0:32  Drone x2  
  17  0:35  Drone  
  17  0:55  Hatchery  
  17  0:56  Drone  
  17  1:08  Spawning Pool  
  16  1:12  Drone  
  16  1:15  Extractor  
  16  1:17  Drone  
  17  1:20  Drone  
  18  1:30  Drone  
  19  1:40  Overlord  
  19  1:55  Queen  
  19  1:56  Zergling x2  
  22  2:02  Zergling x2  
  22  2:07  Queen, Zergling x2  
  26  2:12  Drone  
  27  2:15  Metabolic Boost  
  27  2:23  Drone  
  27  2:24  Drone  
  29  2:30  Drone  
  30  2:37  Drone  
  30  2:42  Drone  
  32  2:47  Hatchery  
  32  2:48  Overlord  
  31  2:58  Overlord  
  30  3:06  Queen  
  30  3:10  Drone  
  30  3:11  Drone x3  
  36  3:17  Drone  
  36  3:18  Drone x2  
  39  3:24  Overlord  
  39  3:26  Drone x2  
  42  3:27  Drone  
  42  3:30  Drone  
  43  3:36  Drone  
  44  3:48  Queen x2  
  44  3:54  Overlord  
  48  3:56  Drone x4  
  48  3:57  Spine Crawler  
  48  3:58  Drone  
  52  4:03  Queen  
  54  4:17  Drone  
  54  4:19  Baneling Nest, Drone  
  54  4:22  Drone x2  
  54  4:23  Drone x6  
  64  4:24  Drone  
  64  4:33  Overlord x3  
  64  4:40  Lair  
  64  4:52  Drone  
  65  4:53  Zergling x14, Evolution Chamber  
  65  4:54  Zergling x4  
  73  5:04  Baneling x2  
  73  5:07  Zergling x10  
  77  5:16  Baneling  
  77  5:17  Baneling  
  77  5:20  Extractor, Drone x2  
  78  5:22  Drone x3  
  78  5:23  Drone  
  78  5:25  Overlord  
  78  5:26  Overlord x2  
  78  5:27  Hatchery  
  81  5:28  Baneling x2  
  81  5:32  Overlord x3  
  81  5:45  Baneling  
  81  5:46  Baneling  
  81  5:47  Zergling x2  
  81  5:48  Zergling x12  
  73  6:09  Zergling x2  
  73  6:10  Zergling x18  
  82  6:15  Zerg Ground Armor Level 1  
  77  6:23  Zergling x4  
  77  6:24  Zergling x2  
  79  6:39  Drone x4  
  82  6:41  Drone x3  
  82  6:45  Extractor  
  82  6:46  Extractor  
  82  6:47  Queen  
  82  6:49  Drone x3  
  82  6:50  Extractor  
  82  6:51  Centrifical Hooks  
  82  6:52  Drone x3  
  89  6:54  Extractor  
  87  7:03  Overlord  
  87  7:04  Drone x6  
  91  7:10  Hatchery  
  90  7:19  Spire  
  89  7:24  Zergling x2  
  89  7:25  Zergling x26  
  89  7:27  Baneling x6  
  89  7:28  Drone  
  104  7:45  Hatchery  
  104  7:47  Zergling x2  
  104  7:48  Zergling x20  
  104  7:50  Drone  
  115  7:54  Evolution Chamber  
  115  7:56  Baneling x2  
  115  7:57  Baneling x7  
  113  8:09  Overlord  
  113  8:10  Zergling x2  
  113  8:11  Zergling x18  
  123  8:14  Baneling x9  
  123  8:22  Queen  
  125  8:29  Zerg Ground Armor Level 2  
  125  8:30  Zerg Melee Weapons Level 1  
  125  8:33  Pneumatized Carapace  
  125  8:45  Drone  
  125  8:46  Drone x16  
  142  8:51  Mutalisk x2  
  142  8:52  Mutalisk x2  
  142  8:54  Overlord x3  
  142  8:55  Overseer  
  150  9:06  Drone  
  150  9:08  Extractor  
  150  9:13  Mutalisk x4  
  150  9:14  Extractor  
  150  9:15  Hatchery, Zergling x2  
  150  9:16  Zergling x26  
  169  9:19  Baneling  
  169  9:20  Baneling x3  
  169  9:22  Zergling x12  
  169  9:23  Zergling x4  
  177  9:38  Zergling x2  
  177  9:39  Zergling x2  
  141  9:55  Zergling x4  
  141  9:56  Zergling x34  
  137  10:02  Baneling  
  137  10:03  Baneling x16  
  131  10:07  Zergling x8  
  131  10:08  Zergling x2  
  134  10:17  Mutalisk x5  
  134  10:18  Mutalisk  
  145  10:23  Baneling x3  
  145  10:24  Zergling x4  
  147  10:29  Zerg Melee Weapons Level 2  
  147  10:33  Drone  
  147  10:35  Queen  
  150  10:39  Baneling x3  
  150  10:40  Zergling x2, Baneling x3  
  150  10:41  Zergling x20  
  161  10:46  Overseer  
  161  10:48  Mutalisk  
  161  10:52  Zergling x8  
  131  11:04  Zergling x2  
  131  11:05  Zergling x28  
  145  11:20  Baneling  
  145  11:21  Baneling x12  
  144  11:27  Mutalisk x2  
  138  11:43  Mutalisk x3  
  136  11:49  Extractor x2  
  136  11:50  Drone x4  
  136  11:54  Baneling x8  
  138  11:55  Zergling x2  
  138  11:56  Zergling x32  
  138  11:57  Hatchery  
  154  12:02  Infestation Pit  
  154  12:06  Mutalisk  
  155  12:20  Mutalisk x2  
  158  12:23  Zergling x2  
  158  12:24  Zergling x24  
  158  12:26  Baneling x7  
  158  12:27  Overlord  
  158  12:28  Overlord  
  171  12:41  Overlord x2  
  171  12:47  Hive  
  171  12:51  Baneling x11  
  171  12:52  Baneling x3  
  171  12:56  Zergling x12  
  175  13:11  Zergling x14  
  175  13:12  Zergling x8  
  147  13:33  Zergling x12  
  147  13:34  Zergling x8  
  140  13:35  Mutalisk x4  
  140  13:39  Baneling  
  140  13:40  Baneling x8  
  147  13:49  Mutalisk x3  
  147  13:54  Baneling  
  147  13:55  Baneling x3  
  151  14:17  Zergling x2  
  151  14:18  Zergling x40  
  151  14:19  Zergling x2  
  151  14:21  Baneling x5  
  151  14:22  Baneling x2  
  164  14:40  Zergling x2  
  164  14:41  Zergling x10  
Tags
 
Add a new tag
Caveats
  • Supply blocks, unpowered buildings, or Contaminate may cause inaccurate times.
  • Supply counts are checked every 10 seconds.